AoeStats
← The_KaizeI2

Arena

509109040Analyzed
1v1 RM · 8d ago on Sep 25, 2026· 67m 21s· 2 players
Game mode
Random Map
Map size
Tiny (2 player)
Population
200
Speed
Normal
Resources
Standard
Victory
Conquest
Starting age
Dark Age
Ending age
Imperial Age
RankedLock teamsTeams togetherTeam positionsShared explorationLock speedFull tech treeHidden civsTurbo modeCheats
Victory
Defeat
🇨🇭 Britons · Switzerland
630
+16
🇵🇱 Poles · Poland
638
-21
The_KaizeI2
5:42 Loom
11:34 Feudal Age
12:19 Double-Bit Axe
12:20 Horse Collar
19:09 Castle Age
18:13 Wheelbarrow
18:13 Town Watch
19:49 Pikeman
19:53 Elite Skirmisher
20:50 Forging
21:08 Bow Saw
21:53 Squires
24:09 Scale Mail Armor
27:25 Hand Cart
31:41 Imperial Age
29:34 Heavy Plow
30:13 Fletching
31:28 Bodkin Arrow
33:23 Elite Longbowman
34:58 Bracer
36:07 Conscription
36:38 Town Patrol
37:17 Padded Archer Armor
38:32 Ballistics
40:50 Chemistry
41:52 Halberdier
43:13 Iron Casting
42:53 Leather Archer Armor
42:54 Chain Mail Armor
49:24 Man-at-Arms
49:52 Arson
51:12 Blast Furnace
50:44 Plate Mail Armor
54:57 Ring Archer Armor
54:17 Long Swordsman
56:03 Two-Handed Swordsman
58:41 Scale Barding Armor
61:15 Champion
zlotoj
7:46 Loom
7:59 Loom
10:51 Feudal Age
11:20 Double-Bit Axe
16:56 Stone Mining
19:25 Wheelbarrow
22:06 Castle Age
20:47 Bloodlines
20:46 Horse Collar
22:03 Man-at-Arms
23:08 Long Swordsman
25:44 Husbandry
27:04 Scale Barding Armor
26:32 Pikeman
28:37 Heavy Plow
31:26 Szlachta Privileges
33:04 Chain Barding Armor
34:15 Scale Mail Armor
34:26 Forging
37:54 Imperial Age
36:47 Stone Shaft Mining
36:09 Gold Mining
36:32 Bow Saw
38:03 Elite Obuch
38:40 Cavalier
46:52 Two-Handed Swordsman
48:00 Champion
49:18 Squires
50:38 Light Cavalry
52:48 Winged Hussar
53:16 Winged Hussar
62:05 Onager
Connection lost

Rejoining the realm…

Still unreachable

The connection could not be restored.

Session expired

The server has moved on; the page needs a fresh start.